Unix NetHack Version 5.0.0-0 post-release - last build Jul 19 2026 19:10:59 (3aa4ab31751d3886436d94b585a96704892fd477,branch:main).

Game began 2026-07-23 10:15:42, ended 2026-07-23 10:44:42.

Booker, lawful male human Knight

                                              ------
                                              |....|
                                             #.....|
                                           ###|....|
                                           #  -.----
                                       #####   #                --------
                                       #       ##               |......|
                                     ###        #              #.....<.|
                                     #          #              #|......|
                                    ##         -.----------   ##|......|
                                    #          |..........|  ## --------
                      ------- ------u          |..........| ##
                      |.......$....@#          |...........##
                      |...%.......u|           |..........|
                      |......[.....            |..........|
                      -------------            ------------

Booker the Esquire       St:12 Dx:9 Co:13 In:11 Wi:15 Ch:17  Lawful S:1099
Dlvl:8  $:137 HP:0(33) Pw:37(37) AC:2  Xp:4/148 T:3092  Burdened

Latest messages:
 The wolf bites!
 You swap places with MrEd.
 MrEd misses the gecko.
 MrEd misses the gecko.
 MrEd misses the gecko.
 MrEd bites the gecko.
 The gecko is killed!
 MrEd misses the wolf.
 MrEd misses the wolf.
 You hit the wolf!
 The wolf misses!
 MrEd hits the wolf.
 MrEd bites the wolf.
 The wolf bites MrEd.
 MrEd misses the wolf.
 MrEd misses the wolf.
 You hit the wolf.
 The wolf bites!
 MrEd misses the wolf.
 MrEd bites the wolf.
 MrEd hits the wolf.
 MrEd bites the wolf.
 The wolf is killed!
 What do you want to drink? [ijorG or ?*]
 You feel better.
 MrEd misses the wolf.
 MrEd bites the wolf.
 The wolf bites MrEd.
 MrEd hits the wolf.
 MrEd misses the wolf.
 MrEd hits the wolf.
 MrEd misses the wolf.
 The wolf misses MrEd.
 MrEd hits the wolf.
 MrEd bites the wolf.
 The wolf is killed!
 There is a wolf corpse here; eat it? [ynq] (n)
 This wolf corpse is gamey.
 The pony kicks!
 You stop eating the wolf corpse.
 The pony bites!
 You hit the pony!
 The pony kicks!
 The pony bites!
 You miss the pony.
 The pony kicks!
 The pony bites!
 The pony kicks!
 The pony bites!
 You die...

Inventory:
 Coins    ('$')
  $ - 137 gold pieces
 Weapons  (')')
  a - an uncursed +1 long sword (weapon in right hand)
  b - an uncursed +1 lance (alternate weapon; not wielded)
 Armor    ('[')
  d - an uncursed +0 helmet (being worn)
  f - an uncursed +1 pair of leather gloves (being worn)
  e - an uncursed +0 small shield (being worn)
  c - an uncursed +1 ring mail (being worn)
 Comestibles  ('%')
  g - 13 uncursed apples
  u - an uncursed food ration
  v - an uncursed tripe ration
  n - 4 uncursed lichen corpses
 Scrolls  ('?')
  q - a cursed scroll of blank paper
  C - an uncursed scroll of charging
  m - an uncursed scroll of confuse monster
  D - a cursed scroll of confuse monster
  y - a blessed scroll of enchant weapon
  p - a cursed scroll of enchant weapon
  z - an uncursed scroll of light
  x - an uncursed scroll of remove curse
 Potions  ('!')
  G - a cursed potion of confusion
  i - a cursed potion of extra healing
  j - an uncursed potion of healing
  o - an uncursed potion of monster detection
  r - an uncursed potion of sleeping
 Wands    ('/')
  k - an uncursed wand of create monster (0:15)
  A - an uncursed wand of probing (0:6)
  s - an uncursed wand of stasis (0:4)
 Tools    ('(')
  E - an uncursed partly used wax candle

Booker the Knight's attributes:

Background:
 You were an Esquire, a level 4 male human Knight.
 You were lawful, on a mission for Lugh
 who was opposed by Brigit (neutral) and Manannan Mac Lir (chaotic).
 You were right-handed.
 You were in the Dungeons of Doom, on level 8.
 You entered the dungeon 3092 turns ago.
 You had 148 experience points, 12 more were needed to attain level 5.
 Your score was 1099 before end-of-game adjustments.

Basics:
 You had 0 out of 33 hit points.
 You had all 37 energy points (spell power).
 Your armor class was 2.
 Your wallet contained 137 zorkmids.
 Autopickup was on for '$%?!"=/' plus thrown, with exceptions.

Final Characteristics:
 Your strength was 12 (peak:15, limit:18/100).
 Your dexterity was 9 (limit:18).
 Your constitution was 13 (limit:18).
 Your intelligence was 11 (limit:18).
 Your wisdom was 15 (limit:18).
 Your charisma was 17 (limit:18).

Final Status:
 You weren't hungry.
 You were burdened; movement was slightly slowed.
 You were wielding a long sword.
 You had basic skill with long sword.

Final Attributes:
 You were piously aligned.
 You could jump.
 You were warded.
 You are dead.

Miscellaneous:
 You disabled loading and storing of bones levels.
 Total elapsed playing time was 28 minutes and 59 seconds.

Major events:
 Turn
    1: Booker the lawful male human Knight entered the dungeon
  522: entered the Gnomish Mines
  822: attained the rank of Esquire (level 3)
 3092: killed by a pony

You didn't know any spells.

Skills:
 Fighting Skills
   bare handed combat [Unskilled]
   two weapon combat  [Unskilled]
   riding             [Basic]
 Weapon Skills
   dagger             [Unskilled]
   knife              [Unskilled]
   axe                [Unskilled]
   pick-axe           [Unskilled]
   short sword        [Unskilled]
   broadsword         [Unskilled]
   long sword         [Basic]
   two-handed sword   [Unskilled]
   saber              [Unskilled]
   club               [Unskilled]
   mace               [Unskilled]
   morning star       [Unskilled]
   flail              [Unskilled]
   hammer             [Unskilled]
   polearms           [Unskilled]
   spear              [Unskilled]
   trident            [Unskilled]
   lance              [Basic]
   bow                [Unskilled]
   crossbow           [Unskilled]
 Spellcasting Skills
   attack spells      [Unskilled]
   healing spells     [Unskilled]
   clerical spells    [Unskilled]

Voluntary challenges:
 Character rerolling was not enabled.
 You never genocided any monsters.
 You never polymorphed an object.
 You never changed form.
 You used no wishes.
Achievements:
 You entered the Gnomish Mines.
 You attained the rank of Esquire.

 The Dungeons of Doom: levels 1 to 8
    Level 1:
    Level 2:
    Level 3:
       An altar, a fountain, a grave.
       Stairs down to The Gnomish Mines.
    Level 4:
       A fountain.
    Level 5:
    Level 6:
       Many fountains.
    Level 7:
    Level 8: <- You were here.
       Final resting place for
          you, killed by a pony.
 The Gnomish Mines:
    Level 4:


Vanquished creatures:
  2 wolves
  a shrieker
  a gnomish wizard
  a kobold mummy
  a baby crocodile
  2 giant ants
  a little dog
  a floating eye
  a dwarf
  a homunculus
  3 kobold leaders
  2 hill orcs
  a centipede
  a giant bat
 an orc zombie
 an iguana
  a large kobold
  a giant rat
  a brown mold
  a yellow mold
  a green mold
  2 geckos
  3 jackals
  a kobold
  a sewer rat
  a grid bug
  3 bats
  5 lichens
  3 newts
45 creatures vanquished.

No species were genocided or became extinct.

Game over:
                       ----------
                      /          \
                     /    REST    \
                    /      IN      \
                   /     PEACE      \
                  /                  \
                  |      Booker      |
                  |      137 Au      |
                  | killed by a pony |
                  |                  |
                  |                  |
                  |                  |
                  |       2026       |
                 *|     *  *  *      | *
        _________)/\\_//(\/(/\)/\//\/|_)_______

Fare thee well Booker the Knight...

You died in The Dungeons of Doom on dungeon level 8 with 1086 points,
and 137 pieces of gold, after 3092 moves.
You were level 4 with a maximum of 33 hit points when you died.

